 Dungeon Crawl Stone Soup version 0.28.0-53-g5a82cb258f (webtiles) character file.

Game seed: 10051201494176249726

31 Zeld the Skirmisher (level 3, -8/33 HPs)
             Began as a Minotaur Berserker on May 22, 2022.
             Was a Follower of Trog.
             Killed from afar by Natasha (10 damage)
             ... with a magic dart
             ... on level 2 of the Dungeon.
             The game lasted 00:01:15 (1207 turns).

Zeld the Skirmisher (Minotaur Berserker)            Turns: 1207, Time: 00:01:15

Health: -8/33      AC:  2    Str: 23    XL:     3   Next: 7%
Magic:  2/2        EV: 12    Int:  4    God:    Trog [*.....]
Gold:   42         SH:  0    Dex:  9    Spells: 2/2 levels left

rFire   . . .      SeeInvis .   a - +0 hand axe
rCold   . . .      Faith    .   (no shield)
rNeg    . . .      Spirit   .   b - +0 animal skin
rPois   .          Reflect  .   (helmet restricted)
rElec   .          Harm     .   (no cloak)
rCorr   .          Rampage  .   (no gloves)
Will    .....                   (no boots)
Stlth   +.........              (no amulet)
HPRegen 0.11/turn               (no ring)
MPRegen 0.08/turn               (no ring)

@: no status effects
A: horns 2, retaliatory headbutt
a: Renounce Religion, Berserk


You were on level 2 of the Dungeon.
You worshipped Trog.
Trog was aware of your devotion.
You visited 1 branch of the dungeon, and saw 2 of its levels.

You collected 42 gold pieces.

Inventory:

Hand Weapons
 a - a +0 hand axe (weapon)
Armour
 b - a +0 animal skin (worn)
Scrolls
 d - a scroll of summoning {unknown}
 h - a scroll of teleportation {unknown}
Potions
 c - a potion of curing {unknown}
 e - 2 potions of lignification {unknown}
 f - a potion of resistance {unknown}
 g - a potion of brilliance {unknown}


   Skills:
 * Level 4.2 Fighting
 * Level 4.1 Axes
 + Level 2.8 Armour
 + Level 2.5 Dodging


You had 2 spell levels left.
You didn't know any spells.
Your spell library was empty.

Dungeon Overview and Level Annotations

Branches:
Dungeon (2/15)

Altars:

Annotations:
D:2 Natasha


Innate Abilities, Weirdness & Mutations

You have a pair of horns on your head.
You reflexively headbutt those who attack you in melee.


Message History

The hobgoblin misses you. You furiously retaliate!
You headbutt the hobgoblin, but do no damage.
You closely miss the hobgoblin.
The hobgoblin is severely wounded.
You closely miss Natasha.
Natasha mumbles some strange words.
The hobgoblin hits you.
You slash the hobgoblin!
You kill the hobgoblin!
Trog accepts your kill.
You hit the crimson imp but do no damage.
You barely miss Natasha. Natasha claws you. The crimson imp hits you.
You completely miss Natasha. You closely miss the crimson imp.
Natasha misses you.
The crimson imp blinks!
You hit Natasha.
Natasha is heavily wounded.
Natasha barely misses you.
Unknown command.
You closely miss Natasha.
Natasha is heavily wounded.
Natasha claws you.
You hit Natasha.
Natasha is severely wounded.
You barely miss the crimson imp. Natasha closely misses you.
The crimson imp hits you. Natasha claws you!
* * * LOW HITPOINT WARNING * * *
You are too injured to fight recklessly!
You miss Natasha.
Natasha is severely wounded.
You hit the crimson imp. The crimson imp barely misses you.
Natasha stares at you and mumbles some strange words.
The magic dart hits you!
* * * LOW HITPOINT WARNING * * *
Unknown command.
You closely miss Natasha. Your headbutt misses Natasha.
Natasha is severely wounded.
You hit the crimson imp. The crimson imp barely misses you.
Natasha stares at you and mumbles some strange words.
The magic dart hits you!
You die...

......................
######..................
..........#.#.#.........
.#####..#.#>............
........#.#.............
######..#.....###.......
....##..###...# .......
....(..5..(..## ...(..
.....#.@.....# .....
......h!......# #..#.
##........#..#. .....
#...###..#..## ).. #...
..#...# .. ### #...
....... .... ....
#.##..###..# #.. ......
...# #..#.#..#


You could see Natasha and a crimson imp (summoned).

Vanquished Creatures
  A dart slug (D:1)
  A ball python (D:1)
  2 endoplasms
  6 goblins
  3 hobgoblins (D:2)
  2 jackals (D:1)
  3 kobolds
  A quokka (D:1)
  2 bats (D:1)
  3 frilled lizards
  A rat (D:2)
25 creatures vanquished.

Notes
Turn   | Place    | Note
-------+----------+-------------------------------------------
     0 | D:1      | Zeld the Minotaur Berserker began the quest for the Orb.
     0 | D:1      | Reached XP level 1. HP: 19/19 MP: 0/0
   421 | D:1      | Reached XP level 2. HP: 27/27 MP: 1/1
  1142 | D:2      | Reached XP level 3. HP: 33/33 MP: 2/2
  1196 | D:2      | Noticed Natasha
  1206 | D:2      | HP: 1/33 [Natasha/magic dart (8)]
  1207 | D:2      | Killed from afar by Natasha

Illustrated notes

Levels and vault maps discovered:
D:1:      lemuel_arrival_behind_the_door_small, layout_loops_ring
D:2:      layout_basic, basic_altar, chequers_serial_rivers_small_a,
          minmay_crystal_room, minmay_ruptured, uniq_natasha

Skill      XL: |  1  2 |
---------------+-------+-----
Fighting       | 4 |  4.2
Axes           | 4 |  4.1
Armour         | |  2.8
Dodging        | |  2.5

Action                   || total
-------------------------++-------
Melee: Hand axe          ||    50
       Headbutt          ||     5
       Punch             ||     1
Armor: Animal skin       ||     5
Dodge: Dodged            ||    39
